| TOP OF THE 1ST |
|
Washington State University Cougars batting - Pitching for University of California Golden Bears : LHP Tyler Hunter
|
|
Pitching: LHP Tyler Hunter
|
|
|
Batting: RHB Rafael Collyer
|
0-0: Foul Ball, location: 2F 0-1: Foul Ball, location: 2F 0-2: SINGLE (Groundball, 6MS, EV 71.9 MPH) (infield hit)
|
|
Batting: LHB Scott Spillers
|
0-0: Called Strike 0-1: Ball 1-1: Called Strike 1-2: Ball 2-2: Ball 3-2: Base on Balls Rafael Collyer to second
|
|
Batting: SHB Juan Delanoval
|
0-0: Called Strike 0-1: Ball 1-1: Fielders Choice at 2nd, 5-4 (Groundball, 5, EV 85.6 MPH) Rafael Collyer to third
|
|
Batting: RHB Mas Langat
|
0-0: SINGLE (Line Drive, 89S, EV 95.6 MPH) Rafael Collyer scores Juan Delanoval to second Runner from 2nd tries for 3rd, SAFE, no throw by RF
|
|
Batting: LHB Israel Ariza
|
0-0: DOUBLE (Flyball, 8LXD, EV 106.2 MPH) Juan Delanoval scores Mas Langat to third
|
|
Batting: LHB David Jackson
|
0-0: Called Strike 0-1: Foul Ball, location: 2F 0-2: Foul Ball, location: 2F 0-2: Foul Ball, location: 2F 0-2: Ball 1-2: Ball 2-2: Fly out, F9 (Flyball, 9S, EV 93.1 MPH)
|
|
Batting: RHB Ryan Toth
|
0-0: Fly out, F4 (Popup, 13S, EV 85.6 MPH)
|
| Top of the 1st over - 2 runs, 3 hits, 0 errors, 2 left on base; Washington State University 2 - University of California 0 |
| BOTTOM OF THE 1ST |
|
University of California Golden Bears batting - Pitching for Washington State University Cougars : RHP Steve Cooper
|
|
Pitching: RHP Steve Cooper
|
|
|
Batting: LHB Luis Orellana
|
0-0: Ball 1-0: Fly out, F9 (Flyball, 9LSF, EV 94.4 MPH)
|
|
Batting: RHB Tim Spence
|
0-0: Swinging Strike 0-1: Ball 1-1: Swinging Strike 1-2: Strikes out looking
|
|
Batting: LHB Carlos Gaona
|
0-0: Ball 1-0: Swinging Strike 1-1: SINGLE (Line Drive, 89S, EV 96.2 MPH)
|
|
Batting: RHB Ken Hahn
|
0-0: Foul Ball, location: 2F 0-1: Foul Ball, location: 2F 0-2: Ball 1-2: Fly out, F9 (Flyball, 9D, EV 88.8 MPH)
|
| Bottom of the 1st over - 0 runs, 1 hit, 0 errors, 1 left on base; Washington State University 2 - University of California 0 |
| TOP OF THE 2ND |
|
Washington State University Cougars batting - Pitching for University of California Golden Bears : LHP Tyler Hunter
|
|
Batting: RHB Ron Essink
|
0-0: Fly out, F5 (Line Drive, 5L, EV 71.9 MPH)
|
|
Batting: RHB Joe Weber
|
0-0: Ball 1-0: Ball 2-0: Called Strike 2-1: Foul Ball, location: 2F 2-2: Strikes out swinging
|
|
Batting: RHB Rafael Collyer
|
0-0: Called Strike 0-1: Ball 1-1: Swinging Strike 1-2: Ball 2-2: Foul Ball, location: 2F 2-2: Ball 3-2: Foul Ball, location: 2F 3-2: Ground out 6-3 (Groundball, 56, EV 84.4 MPH)
|
| Top of the 2nd over - 0 runs, 0 hits, 0 errors, 0 left on base; Washington State University 2 - University of California 0 |
| BOTTOM OF THE 2ND |
|
University of California Golden Bears batting - Pitching for Washington State University Cougars : RHP Steve Cooper
|
|
Batting: SHB Nick Jansen
|
0-0: Ball 1-0: Called Strike 1-1: Swinging Strike 1-2: Strikes out swinging
|
|
Batting: RHB Nate Mahon
|
0-0: Called Strike 0-1: Foul Ball, location: 2F 0-2: Ball 1-2: Ball 2-2: Reached on error, E6 (Groundball, 6S, EV 85.0 MPH)
|
|
Batting: RHB Mike Wilson
|
0-0: Called Strike 0-1: Ball 1-1: Called Strike 1-2: Strikes out swinging
|
|
Batting: RHB Juan Debayle
|
0-0: Called Strike 0-1: Ball 1-1: SINGLE (Line Drive, 6D, EV 96.9 MPH) Nate Mahon to second
|
|
Batting: RHB Bill Gallardo
|
0-0: Called Strike 0-1: Ball 1-1: Called Strike 1-2: Ball 2-2: Strikes out swinging
|
| Bottom of the 2nd over - 0 runs, 1 hit, 1 error, 2 left on base; Washington State University 2 - University of California 0 |
| TOP OF THE 3RD |
|
Washington State University Cougars batting - Pitching for University of California Golden Bears : LHP Tyler Hunter
|
|
Batting: LHB Scott Spillers
|
0-0: Ball 1-0: Fly out, F7 (Flyball, 7, EV 83.8 MPH)
|
|
Batting: SHB Juan Delanoval
|
0-0: Ball 1-0: Swinging Strike 1-1: Swinging Strike 1-2: Ball 2-2: Ball 3-2: Foul Ball, location: 2F 3-2: Strikes out swinging
|
|
Batting: RHB Mas Langat
|
0-0: Called Strike 0-1: Swinging Strike 0-2: DOUBLE (Flyball, 89D, EV 105.0 MPH)
|
|
Batting: LHB Israel Ariza
|
0-0: Ball 1-0: Ball 2-0: Foul Ball, location: 2F 2-1: Foul Ball, location: 2F 2-2: Foul Ball, location: 2F 2-2: Ground out 4-3 (Groundball, 4, EV 86.2 MPH)
|
| Top of the 3rd over - 0 runs, 1 hit, 0 errors, 1 left on base; Washington State University 2 - University of California 0 |
| BOTTOM OF THE 3RD |
|
University of California Golden Bears batting - Pitching for Washington State University Cougars : RHP Steve Cooper
|
|
Batting: LHB Luis Orellana
|
0-0: Ball 1-0: Foul Ball, location: 2F 1-1: Ground out 4-3 (Groundball, 4, EV 84.4 MPH)
|
|
Batting: RHB Tim Spence
|
0-0: Fly out, F1 (Line Drive, P, EV 71.2 MPH)
|
|
Batting: LHB Carlos Gaona
|
0-0: Called Strike 0-1: Ball 1-1: Ball 2-1: SINGLE (Line Drive, 9S, EV 103.1 MPH)
|
|
Batting: RHB Ken Hahn
|
0-0: Called Strike Carlos Gaona steals 2nd base 0-1: Ball 1-1: Ball 2-1: Foul Ball, location: 2F 2-2: Ball 3-2: Foul Ball, location: 2F 3-2: Foul Ball, location: 2F 3-2: Foul Ball, location: 2F 3-2: Foul Ball, location: 2F 3-2: Base on Balls
|
|
Batting: SHB Nick Jansen
|
0-0: Called Strike 0-1: Foul Ball, location: 2F 0-2: Foul Ball, location: 2F 0-2: Strikes out swinging
|
| Bottom of the 3rd over - 0 runs, 1 hit, 0 errors, 2 left on base; Washington State University 2 - University of California 0 |
| TOP OF THE 4TH |
|
Washington State University Cougars batting - Pitching for University of California Golden Bears : LHP Tyler Hunter
|
|
Batting: LHB David Jackson
|
0-0: Called Strike 0-1: Fly out, F8 (Flyball, 8LD, EV 96.2 MPH)
|
|
Batting: RHB Ryan Toth
|
0-0: Foul Ball, location: 2F 0-1: SINGLE (Groundball, 6MS, EV 66.2 MPH) (infield hit)
|
|
Batting: RHB Ron Essink
|
0-0: Called Strike 0-1: Fly out, F9 (Flyball, 9S, EV 83.1 MPH)
|
|
Batting: RHB Joe Weber
|
0-0: Ball 1-0: Foul Ball, location: 2F 1-1: Swinging Strike 1-2: Ground out 4-3 (Groundball, 4, EV 85.0 MPH)
|
| Top of the 4th over - 0 runs, 1 hit, 0 errors, 1 left on base; Washington State University 2 - University of California 0 |
| BOTTOM OF THE 4TH |
|
University of California Golden Bears batting - Pitching for Washington State University Cougars : RHP Steve Cooper
|
|
Batting: RHB Nate Mahon
|
0-0: Ground out 5-3 (Groundball, 56, EV 81.9 MPH)
|
|
Batting: RHB Mike Wilson
|
0-0: Called Strike 0-1: Foul Ball, location: 2F 0-2: Foul Ball, location: 2F 0-2: Ball 1-2: Foul Ball, location: 2F 1-2: Ball 2-2: Foul Ball, location: 2F 2-2: Ball 3-2: Strikes out swinging
|
|
Batting: RHB Juan Debayle
|
0-0: SINGLE (Flyball, 89S, EV 98.1 MPH)
|
|
Batting: RHB Bill Gallardo
|
0-0: Called Strike Juan Debayle steals 2nd base 0-1: Ball 1-1: Foul Ball, location: 2F 1-2: Strikes out looking
|
| Bottom of the 4th over - 0 runs, 1 hit, 0 errors, 1 left on base; Washington State University 2 - University of California 0 |
| TOP OF THE 5TH |
|
Washington State University Cougars batting - Pitching for University of California Golden Bears : LHP Tyler Hunter
|
|
Batting: RHB Rafael Collyer
|
0-0: Ball 1-0: Swinging Strike 1-1: Swinging Strike 1-2: Strikes out swinging
|
|
Batting: LHB Scott Spillers
|
0-0: Called Strike 0-1: Foul Ball, location: 2F 0-2: Foul Ball, location: 2F 0-2: Ground out U3 (Groundball, 23, EV 84.4 MPH)
|
|
Batting: SHB Juan Delanoval
|
0-0: Ball 1-0: Foul Ball, location: 2F 1-1: Foul Ball, location: 2F 1-2: Foul Ball, location: 2F 1-2: Fly out, F6 (Popup, 6S, EV 65.0 MPH)
|
| Top of the 5th over - 0 runs, 0 hits, 0 errors, 0 left on base; Washington State University 2 - University of California 0 |
| BOTTOM OF THE 5TH |
|
University of California Golden Bears batting - Pitching for Washington State University Cougars : RHP Steve Cooper
|
|
Batting: LHB Luis Orellana
|
0-0: Ball 1-0: Ball 2-0: Ball 3-0: Base on Balls
|
|
Batting: RHB Tim Spence
|
0-0: Ball 1-0: Called Strike 1-1: Foul Ball, location: 2F 1-2: Foul Ball, location: 2F 1-2: Ground out 6-3 (Groundball, 6, EV 86.9 MPH) Luis Orellana to second
|
|
Pitching: RHP Gerbrand Lubbers
|
|
|
Batting: LHB Carlos Gaona
|
0-0: Ball 1-0: Called Strike 1-1: Ball 2-1: 2-RUN HOME RUN (Flyball, 89XD, EV 108.8 MPH), Distance : 400 ft
|
|
Batting: RHB Ken Hahn
|
0-0: Ball 1-0: Called Strike 1-1: Ball 2-1: Ball 3-1: Called Strike 3-2: Strikes out swinging
|
|
Batting: SHB Nick Jansen
|
0-0: Called Strike 0-1: Ball 1-1: Ball 2-1: Ball 3-1: Swinging Strike 3-2: Strikes out swinging
|
| Bottom of the 5th over - 2 runs, 1 hit, 0 errors, 0 left on base; Washington State University 2 - University of California 2 |
| TOP OF THE 6TH |
|
Washington State University Cougars batting - Pitching for University of California Golden Bears : LHP Tyler Hunter
|
|
Batting: RHB Mas Langat
|
0-0: Ground out 6-3 (Groundball, 6, EV 84.4 MPH)
|
|
Batting: LHB Israel Ariza
|
0-0: Ball 1-0: Foul Ball, location: 2F 1-1: Ball 2-1: SINGLE (Groundball, 4D, EV 96.9 MPH)
|
|
Batting: LHB David Jackson
|
0-0: Called Strike 0-1: Ball 1-1: Ball 2-1: Foul Ball, location: 2F 2-2: Grounds into double play, 5-4-3 (Groundball, 56, EV 91.2 MPH)
|
| Top of the 6th over - 0 runs, 1 hit, 0 errors, 0 left on base; Washington State University 2 - University of California 2 |
| BOTTOM OF THE 6TH |
|
University of California Golden Bears batting - Pitching for Washington State University Cougars : RHP Gerbrand Lubbers
|
|
Batting: RHB Nate Mahon
|
0-0: Ball 1-0: Ball 2-0: Ball 3-0: Called Strike 3-1: SOLO HOME RUN (Flyball, 78XD, EV 109.4 MPH), Distance : 408 ft
|
|
Batting: LHB Jonathan Sosa
|
0-0: Ball 1-0: Foul Ball, location: 2F 1-1: Ball 2-1: Foul Ball, location: 2F 2-2: Ball 3-2: Foul Ball, location: 2F 3-2: DOUBLE (Line Drive, 78D, EV 106.9 MPH)
|
|
Batting: RHB Juan Debayle
|
0-0: Ball 1-0: Foul Ball, location: 2F 1-1: Swinging Strike 1-2: Ball 2-2: Ball 3-2: Base on Balls
|
|
Pitching: RHP Joaquin Adame
|
|
|
Batting: RHB Bill Gallardo
|
0-0: Sac Bunt to 15S - play at first, batter OUT! 1-4 Jonathan Sosa to third Juan Debayle to second
|
|
Batting: LHB Luis Orellana
|
0-0: Called Strike 0-1: Ball 1-1: Ball 2-1: Ground out 4-3 (Groundball, 4, EV 85.0 MPH)
|
|
Batting: RHB Tim Spence
|
0-0: Called Strike 0-1: Fly out, F9 (Flyball, 9, EV 92.5 MPH)
|
| Bottom of the 6th over - 1 run, 2 hits, 0 errors, 2 left on base; Washington State University 2 - University of California 3 |
| TOP OF THE 7TH |
|
Washington State University Cougars batting - Pitching for University of California Golden Bears : LHP Tyler Hunter
|
|
Pitching: RHP Luis Lopez
|
|
|
Batting: RHB Ryan Toth
|
0-0: Foul Ball, location: 2F 0-1: Foul Ball, location: 2F 0-2: Strikes out swinging
|
|
Batting: RHB Ron Essink
|
0-0: Called Strike 0-1: Called Strike 0-2: Strikes out looking
|
|
Batting: RHB Joe Weber
|
0-0: Ball 1-0: Swinging Strike 1-1: Called Strike 1-2: Ball 2-2: Foul Ball, location: 2F 2-2: Fly out, F9 (Flyball, 89M, EV 86.9 MPH)
|
| Top of the 7th over - 0 runs, 0 hits, 0 errors, 0 left on base; Washington State University 2 - University of California 3 |
| BOTTOM OF THE 7TH |
|
University of California Golden Bears batting - Pitching for Washington State University Cougars : RHP Joaquin Adame
|
|
Batting: LHB Carlos Gaona
|
0-0: Called Strike 0-1: Foul Ball, location: 2F 0-2: Foul Ball, location: 2F 0-2: SINGLE (Line Drive, 3D, EV 110.0 MPH)
|
|
Batting: RHB Ken Hahn
|
0-0: Foul Ball, location: 2F 0-1: Ball 1-1: Ball 2-1: Foul Ball, location: 2F 2-2: Foul Ball, location: 2F 2-2: Foul Ball, location: 2F 2-2: Ball 3-2: Base on Balls Carlos Gaona to second
|
|
Batting: SHB Nick Jansen
|
0-0: Ball 1-0: Foul Ball, location: 2F 1-1: Swinging Strike 1-2: Ball 2-2: DOUBLE (Flyball, 8RXD, EV 109.4 MPH) Carlos Gaona scores Ken Hahn to third
|
|
Batting: RHB Nate Mahon
|
0-0: Ball 1-0: Called Strike 1-1: Swinging Strike 1-2: Ball 2-2: Strikes out looking
|
|
Pitching: LHP Scott Bradley
|
|
|
Batting: LHB Jonathan Sosa
|
0-0: SINGLE (Groundball, 25, EV 70.0 MPH) (infield hit)
|
|
Pitching: RHP Teddy Barber
|
|
|
Batting: RHB Juan Debayle
|
0-0: SINGLE (Flyball, 8RS, EV 90.0 MPH) Ken Hahn scores Nick Jansen to third Jonathan Sosa to second
|
|
Batting: RHB Bill Gallardo
|
0-0: Called Strike 0-1: Called Strike 0-2: Fly out, F7 (Flyball, 78M, EV 86.2 MPH) Runner from 3rd tags up, OUT at HOME! 7-2
|
| Bottom of the 7th over - 2 runs, 4 hits, 0 errors, 2 left on base; Washington State University 2 - University of California 5 |
| TOP OF THE 8TH |
|
Washington State University Cougars batting - Pitching for University of California Golden Bears : RHP Luis Lopez
|
|
Batting: RHB Rafael Collyer
|
0-0: Called Strike 0-1: Ball 1-1: Foul Ball, location: 2F 1-2: Ball 2-2: Foul Ball, location: 2F 2-2: Ground out 6-3 (Groundball, 6, EV 103.1 MPH)
|
|
Pitching: RHP Steve Clothier
|
|
|
Batting: LHB Scott Spillers
|
0-0: Ball 1-0: Called Strike 1-1: Foul Ball, location: 2F 1-2: Strikes out swinging
|
|
Batting: SHB Juan Delanoval
|
0-0: Called Strike 0-1: Fly out, F6 (Line Drive, 6M, EV 68.1 MPH)
|
| Top of the 8th over - 0 runs, 0 hits, 0 errors, 0 left on base; Washington State University 2 - University of California 5 |
| BOTTOM OF THE 8TH |
|
University of California Golden Bears batting - Pitching for Washington State University Cougars : RHP Teddy Barber
|
|
Now in LF: Willy Berrios
|
|
|
Batting: LHB Luis Orellana
|
0-0: Foul Ball, location: 2F 0-1: Foul Ball, location: 2F 0-2: Foul Ball, location: 2F 0-2: Fly out, F9 (Flyball, 9D, EV 105.6 MPH)
|
|
Batting: RHB Tim Spence
|
0-0: Ball 1-0: Ball 2-0: Swinging Strike 2-1: Fly out, F7 (Flyball, 7, EV 84.4 MPH)
|
|
Batting: LHB Carlos Gaona
|
0-0: Foul Ball, location: 2F 0-1: Fly out, F8 (Flyball, 8LM, EV 93.1 MPH)
|
| Bottom of the 8th over - 0 runs, 0 hits, 0 errors, 0 left on base; Washington State University 2 - University of California 5 |
| TOP OF THE 9TH |
|
Washington State University Cougars batting - Pitching for University of California Golden Bears : RHP Steve Clothier
|
|
Pitching: LHP Dave Coleman
|
|
|
Batting: RHB Mas Langat
|
0-0: Swinging Strike 0-1: Ball 1-1: Called Strike 1-2: Ball 2-2: Foul Ball, location: 2F 2-2: SINGLE (Groundball, 5D, EV 98.8 MPH)
|
|
Batting: LHB Israel Ariza
|
0-0: SINGLE (Flyball, 34D, EV 97.5 MPH) Mas Langat to second
|
|
Pinch Hitting: RHB Wil Gonzales
|
0-0: Ball 1-0: Ball 2-0: Grounds into double play, 3-6-1 (Groundball, 34, EV 98.8 MPH) Mas Langat to third
|
|
Batting: RHB Ryan Toth
|
0-0: Ball 1-0: Ball 2-0: Called Strike 2-1: Ball 3-1: Called Strike 3-2: Reached on error, E6 (Groundball, 6, EV 81.2 MPH) Mas Langat scores
|
|
Batting: RHB Ron Essink
|
0-0: Fielders Choice at 2nd, 6-4 (Groundball, 6, EV 101.9 MPH)
|
| Top of the 9th over - 1 run, 2 hits, 1 error, 1 left on base; Washington State University 3 - University of California 5 |
|